 Dungeon Crawl Stone Soup version 0.32-a0-814-g0968bab981 (webtiles) character file.

Game seed: 12133273281140623011

9487 Orlauf the Cruncher (level 11, -5/78 (91) HPs)
             Began as a Demonspawn Gladiator on Mar 22, 2024.
             Was a Priest of Qazlal.
             Asphyxiated
             ... on level 8 of the Dungeon.
             The game lasted 00:12:59 (8185 turns).

Orlauf the Cruncher (Demonspawn Gladiator)          Turns: 8185, Time: 00:13:00

HP:   -5/78 (91)    AC: 17    Str: 19    XL:     11   Next: 23%
MP:   0/18          EV:  6    Int:  8    God:    Qazlal [***...]
Gold: 581           SH:  4    Dex: 15    Spells: 10/10 levels left

rFire   . . .        a - +0 quarterstaff (freeze)
rCold   . . .        (shield currently unavailable)
rNeg    . . .        j - +0 plate armour
rPois   .            c - +0 helmet
rElec   .            p - +1 cloak
rCorr   .            (no gloves)
SInv    .            (no boots)
Will    .....        g - amulet of the acrobat Stlth
                     u - +4 ring of slaying
HPRegen 0.33/turn    (no ring)
MPRegen 0.32/turn

%: acrobat, guardian spirit
@: lethally poisoned (-5 -> -26), slowed, heavily drained, very slow
A: rugged brown scales 1, ignite blood 2, magic shield, magic regeneration,
weakness stinger 2
a: Renounce Religion, Upheaval, Elemental Force


You were on level 8 of the Dungeon.
You worshipped Qazlal.
Qazlal was most pleased with you.
You visited 2 branches of the dungeon, and saw 9 of its levels.
You also visited: Bailey.

You collected 581 gold pieces.

Inventory:

Hand Weapons
 a - a +0 quarterstaff of freezing (weapon)
 b - the +1 flail "Macerch" {elec, rElec MP-9 SInv Stlth+}
   (You found it on level 7 of the Dungeon)

   rElec:     It insulates you from electricity.
   MP-9:      It affects your magic capacity (-9).
   SInv:      It lets you see invisible.
   Stlth+:    It makes you more stealthy.
 v - a +0 triple sword
 E - a +0 quarterstaff
Missiles
 d - 3 throwing nets (quivered)
 e - a javelin
 B - 30 poisoned darts
Armour
 c - a +0 helmet (worn)
 j - a +0 plate armour (worn)
 l - a +0 chain mail
 p - a +1 cloak (worn)
Jewellery
 g - an amulet of the acrobat (around neck)
 u - a +4 ring of slaying (left hand)
Wands
 n - a wand of paralysis (5)
 w - a wand of flame (5)
 D - a wand of iceblast (14)
Scrolls
 h - 5 scrolls of summoning
 q - a scroll of teleportation
 r - a scroll of fog
 s - 7 scrolls of enchant weapon
 y - a scroll of enchant armour
 C - a scroll of poison
 G - a scroll of identify
Potions
 f - 2 potions of enlightenment
 i - 3 potions of curing
 k - 3 potions of magic
 m - 3 potions of cancellation
 o - 3 potions of lignification
 t - 3 potions of haste
 z - a potion of brilliance
 A - a potion of berserk rage {unknown}
 F - 2 potions of attraction {unknown}


   Skills:
 + Level 9.4 Fighting
 * Level 10.5 Staves
 - Level 1.7 Throwing
 + Level 7.2 Armour
 - Level 2.6 Dodging
 + Level 10.4 Invocations


You had 10 spell levels left.
You didn't know any spells.
Your spell library contained the following spells:

 Spells                   Type           Power      Damage    Failure   Level
 Slow                     Hex            0%         N/A       100%        1
 Sting                    Conj/Alch      0%         1d3       100%        1
 Call Imp                 Summ           0%         N/A       100%        2
 Mercury Vapours          Alch/Air       0%         N/A       100%        2
 Sublimation of Blood     Necr           0%         N/A       100%        2
 Confusing Touch          Hex            0%         N/A       100%        3
 Vampiric Draining        Necr           0%         2d6       100%        3
 Olgreb's Toxic Radiance  Alch           0%         N/A       100%        4
 Summon Hydra             Summ           0%         N/A       100%        7


Dungeon Overview and Level Annotations

Branches:
Dungeon (8/15)             Temple (1/1) D:4          Bailey (visited)
   Lair: D:8-11

Altars:
Ashenzari
Cheibriados
Dithmenos
Fedhas
Gozag
Hepliaklqana
Kikubaaqudgha
Makhleb
Nemelex Xobeh
Okawaru
Qazlal
Ru
Sif Muna
Trog
Uskayaw
Vehumet
Wu Jian
Xom
Yredelemnul

Annotations:
D:4 2 transporters
D:8 Amaemon


Innate Abilities, Weirdness & Mutations

You are partially covered in rugged brown scales. (AC +1, +3% HP)
Your demonic aura often causes spilled blood to erupt in flames.
When hurt, damage is shared between your health and your magic reserves.
You regenerate magic rapidly.
You have a tail ending in a sharp stinger.


Message History

You have difficulty breathing.
You feel yourself slow down.
Amaemon zaps a wand.
You struggle to resist.
You closely miss Amaemon.
Amaemon is lightly wounded.
You feel extremely sick. The orange demon stings you from afar.
You are lethally poisoned!
You have difficulty breathing.
You feel as though you will be slow longer.
Amaemon zaps a wand.
Your mind is blasted!
You feel better.
The orange demon stings you but does no damage.
You block Amaemon's attack. Amaemon claws you but does no damage.
Amaemon tail-slaps you but does no damage.
Amaemon zaps a wand.
You struggle to resist.
The orange demon stings you from afar!
You are poisoned.
You have difficulty breathing.
You feel as though you will be slow longer.
Aiming: Paralyse
Press: ? - help, Shift-Dir - straight line, f/p - Amaemon
Aim: Amaemon, wielding a +1 demon whip of venom and carrying a wand of mindburst (lightly wounded, chance to affect: 17%) Amaemon resists with almost no effort.
* * * LOW HITPOINT WARNING * * *
You feel extremely sick. Amaemon hits you but does no damage.
You are lethally poisoned!
Amaemon barely misses you. Amaemon completely misses you.
The orange demon stings you but does no damage.
You feel better.
The orange demon stings you but does no damage.
Amaemon zaps a wand.
Your mind is blasted!
* * * LOW HITPOINT WARNING * * *
Amaemon zaps a wand.
Your mind is blasted!
* * * LOW HITPOINT WARNING * * *
The orange demon stings you from afar!
* * * LOW HITPOINT WARNING * * *
You are lethally poisoned!
You have difficulty breathing.
You die...

##..#### ...
#...... .. ###....
#.# ####. #..##
### ## ##...#
##.### ## ##...4#
#....###. #....6##
#........
#...☼@§##
##........
#...#..☼##
##......... #..
##...###...####.##
#. ##.$.....## ###
# ###...### #####


You could see Amaemon and an orange demon (curare).

Vanquished Creatures
  2 orc knights (Bailey)
  Joseph (D:8)
  An unseen horror (D:8)
  A steam dragon (D:7)
  A water moccasin (D:8)
  An acid dragon (D:8)
  4 ice beasts
  8 orc warriors
  An ogre (D:6)
  2 kobold brigands
  A bullfrog (D:7)
  5 scorpions
  16 wights
  10 killer bees
  A howler monkey (D:6)
  2 bombardier beetles
  4 hounds
  2 jellies
  4 orc priests
  4 iguanas
  6 orc wizards
  4 adders
  A shadow imp (D:6)
  4 ufetubi
  3 dart slugs
  54 orcs
  5 bats
  5 endoplasms
  6 goblins
  4 hobgoblins
  3 jackals (D:3)
  13 kobolds
  2 quokkas
  7 ball pythons
  5 frilled lizards
  5 rats
198 creatures vanquished.

Notes
Turn   | Place    | Note
-------+----------+-------------------------------------------
     0 | D:1      | Orlauf the Demonspawn Gladiator began the quest for the
                  | Orb.
     0 | D:1      | Reached XP level 1. HP: 16/16 MP: 1/1
   372 | D:1      | Gained mutation: You have a small tail. [demonic ancestry]
   372 | D:1      | Reached XP level 2. HP: 22/22 MP: 2/2
   746 | D:2      | Gained mutation: You regenerate magic rapidly. [demonic
                  | ancestry]
   746 | D:2      | Reached XP level 3. HP: 28/28 MP: 3/3
  1461 | D:3      | Gained mutation: When hurt, damage is shared between your
                  | health and your magic reserves. [demonic ancestry]
  1461 | D:3      | Reached XP level 4. HP: 31/34 MP: 4/4
  1920 | D:4      | Found a transporter.
  2128 | D:4      | Noticed a scorpion
  2136 | D:4      | Killed a scorpion
  2137 | D:4      | Reached XP level 5. HP: 41/41 MP: 5/5
  2532 | D:4      | Found a transporter.
  2747 | D:4      | Found a hide-covered altar of Uskayaw.
  2756 | D:4      | Reached skill level 5 in Staves
  2909 | D:4      | Found a staircase to the Ecumenical Temple.
  3107 | Temple   | Entered the Ecumenical Temple
  3125 | Temple   | Became a worshipper of Qazlal Stormbringer
  3194 | D:5      | Entered Level 5 of the Dungeon
  3256 | D:5      | Gained mutation: Your demonic aura sometimes causes spilled
                  | blood to erupt in flames. [demonic ancestry]
  3256 | D:5      | Reached XP level 6. HP: 39/48 MP: 6/6
  3497 | D:5      | Reached skill level 1 in Invocations
  3531 | D:5      | Found a blossoming altar of Fedhas.
  3540 | D:5      | Found a bloodstained altar of Trog.
  3545 | D:5      | Noticed an ice beast
  3562 | D:5      | Killed an ice beast
  3563 | D:5      | Reached skill level 1 in Armour
  4064 | D:5      | Gained mutation: You have a tail ending in a sharp stinger.
                  | [demonic ancestry]
  4064 | D:5      | Reached XP level 7. HP: 51/55 MP: 8/8
  4109 | D:5      | Reached skill level 5 in Fighting
  4451 | D:6      | Found a broken altar of Ashenzari.
  4457 | D:6      | Found an ancient bone altar of Kikubaaqudgha.
  4686 | D:6      | Reached * piety under Qazlal
  4694 | D:6      | Reached XP level 8. HP: 59/64 MP: 8/11
  5062 | D:6      | Reached skill level 5 in Invocations
  5294 | D:7      | Reached XP level 9. HP: 11/72 MP: 6/13
  5429 | D:7      | Reached ** piety under Qazlal
  5436 | D:7      | Found a flagged portal.
  5445 | Bailey   | Entered a bailey
  5748 | Bailey   | Noticed an orc knight
  5761 | Bailey   | Noticed an orc knight
  5782 | Bailey   | Killed an orc knight
  5789 | Bailey   | Killed an orc knight
  6091 | D:7      | Reached skill level 5 in Armour
  6270 | D:7      | Identified the +1 flail "Macerch" {elec, rElec MP-9 SInv
                  | Stlth+}
  6622 | D:7      | Gained mutation: You are partially covered in rugged brown
                  | scales. (AC +1, +3% HP) [demonic ancestry]
  6622 | D:7      | Reached XP level 10. HP: 71/85 MP: 13/15
  7191 | D:7      | Reached skill level 10 in Staves
  7191 | D:7      | Reached skill level 10 in Invocations
  7191 | D:7      | Gained mutation: Your demonic aura often causes spilled
                  | blood to erupt in flames. [demonic ancestry]
  7191 | D:7      | Reached XP level 11. HP: 91/91 MP: 15/18
  7475 | D:8      | Noticed Joseph
  7483 | D:8      | Killed Joseph
  7879 | D:8      | Reached *** piety under Qazlal
  8173 | D:8      | Noticed Amaemon
  8185 | D:8      | Asphyxiated

Illustrated notes

Levels and vault maps discovered:
D:1:      mainiacjoe_arrival_oval_in_oval, layout_rooms,
          minmay_misc_feat_hallway, nicolae_kite_square_tiling_tiny,
          nicolae_twisty_statue_hallways
D:2:      layout_loops_ring, palyth_stone_intersect, minivault_26,
          minmay_heptomino_l4
D:3:      layout_loops_ring
D:4:      gammafunk_steamed_eel, layout_basic, mainiacjoe_overflow_boulevard,
          minmay_temple_entry_poolview, minmay_gold_behind_fungi
D:5:      layout_cave_pods, mainiacjoe_overflow_catwalk_spiral,
          serial_co_window_serial, co_window_of_opportunity_a,
          co_window_corner_a, co_window_paths_b, co_window_cross_1,
          co_window_cross_1, co_window_paths_c, co_window_paths_c,
          co_window_broadway_c, co_window_broadway_c, co_window_unsneaky_path_a,
          co_window_corner_b, co_window_4corner_b, glass_columns_a
D:6:      layout_basic, grunt_temple_overflow_open
D:7:      layout_layer_cave, enter_bailey_8
D:8:      layout_layer_cave, uniq_grum, uniq_joseph, uniq_amaemon
Temple:   bh_familiar_temple

Skill      XL: |  1  2  3  4  5  6  7  8  9 10 11 |
---------------+----------------------------------+-----
Staves         | 3 4 5 6 7 10 | 10.5
Fighting       | 3 4 6 7 9 |  9.4
Invocations    | 2 4 5 7 10 | 10.4
Armour         | 1 2 3 5 6 7 |  7.2
Throwing       | |  1.7
Dodging        | |  2.6

Action                     |  1- 3 |  4- 6 |  7- 9 | 10-12 || total
---------------------------+-------+-------+-------+-------++-------
  Melee: Quarterstaff      |    98 |    96 |   229 |    99 ||   522
         Tailslap          |     4 |     8 |    29 |     8 ||    49
         Flail             |       |       |       |     4 ||     4
  Throw: Throwing net      |       |     2 |     1 |     1 ||     4
  Evoke: Wand              |       |       |    10 |     3 ||    13
    Use: Scroll            |     5 |     7 |     5 |     3 ||    20
         Potion            |       |       |     6 |     4 ||    10
   Stab: Held in net/web   |       |     1 |       |     1 ||     2
         Paralysed         |       |       |     3 |       ||     3
         Invisible         |       |       |     1 |       ||     1
 Armour: Leather armour    |    25 |       |       |       ||    25
         Chain mail        |    51 |       |       |       ||    51
         Plate armour      |       |    46 |   194 |    94 ||   334
  Dodge: Dodged            |    64 |    27 |    87 |    34 ||   212
  Block: Other             |       |       |    20 |    16 ||    36

Table legend: (Time is in decaauts)
 A = Elapsed time spent in this place.
 B = Non-inter-level travel time spent in this place.
 C = Inter-level travel time spent in this place.
 D = Time resting spent in this place.
 E = Time spent auto-exploring this place.
 F = Levels seen in this place.
 G = Mean time per level.
                   A        B        C        D        E       F      G
               +--------+--------+--------+--------+--------+-----+--------+
         Total |   8156 |   7822 |    334 |    463 |   5839 |  10 |  815.6 |
       Dungeon |   7574 |   7258 |    316 |    273 |   5753 |   8 |  946.8 |
        Temple |     35 |     18 |     17 |      0 |      0 |   1 |   35.0 |
        Bailey |    545 |    545 |      0 |    190 |     86 |   1 |  545.0 |
               +--------+--------+--------+--------+--------+-----+--------+

Top non-repeatable levels by time:
     D:7: 1430 daAuts
     D:4: 1258 daAuts
     D:5: 1175 daAuts
     D:8: 947 daAuts
     D:6: 846 daAuts
     D:2: 788 daAuts
     D:1: 648 daAuts
  Bailey: 545 daAuts
     D:3: 480 daAuts
  Temple: 35 daAuts
